Flames vs Jets

Created - April 20 2012 at 17:27

Goals
1 2 3 T
Flames 2 2 2 6
Jets 0 2 0 2
Shots
1 2 3 T
Flames 7 23 11 41
Jets 10 11 11 32

Period #1

1. Flames , Anze Kopitar 5 (Devin Setoguchi, Toni Lydman) at 0:23
2. Flames , Pierre-Marc Bouchard 1 (Andrew MacDonald, John-Michael Liles) at 3:30

Penalties :
Shawn Horcoff (CGY) for Tripping (Minor) at 9:48, Martin Hanzal (WPG) for Tripping (Minor) at 18:34

Period #2

3. Jets , Andy McDonald 3 (Cam Fowler, Alex Goligoski) at 10:08
4. Flames , Shawn Horcoff 2 (John-Michael Liles, Andrew MacDonald) at 13:14
5. Flames , Ryan Kesler 4 (Brenden Morrow) at 13:18
6. Jets , Henrik Sedin 3 (Alex Goligoski, Daniel Sedin) at 18:12 (PP)

Penalties :
Cam Fowler (WPG) for Hooking (Minor) at 3:10, Victor Hedman (WPG) for High sticking (Minor) at 10:41, Martin Hanzal (WPG) for High sticking (Minor) at 14:33, Dan Hamhuis (CGY) for Interference (Minor) at 17:05

Period #3

7. Flames , John-Michael Liles 2 (Andrew MacDonald, Devin Setoguchi) at 9:50
8. Flames , Pierre-Marc Bouchard 2 (John-Michael Liles, Andrew MacDonald) at 17:36

Penalties :
Toni Lydman (CGY) for Holding (Minor) at 0:29, Daniel Sedin (WPG) for Holding (Minor) at 3:25, Brenden Morrow (CGY) for Hooking (Minor) at 10:37, Aaron Rome (WPG) for Hooking (Minor) at 13:02

Goalie Stats

Tim Thomas (CGY), 30 saves from 32 shots - (0.938), W, 4-1-1, 60:00 minutes
Ilya Bryzgalov (WPG), 35 saves from 41 shots - (0.854), L, 2-3-0, 60:00 minutes

Players Stats

Flames
Player Name              G  A  P  +/- PIM S  H  SB FO    MP 
------------------------------------------------------------
Andrew MacDonald         0  4  4   3  0   2  1  1  0/0   19 
Anze Kopitar             1  0  1   1  0   6  2  0  22/36 23 
Brenden Morrow           0  1  1   1  2   1  5  0  0/1   22 
Dan Boyle                0  0  0   1  0   6  1  2  0/0   24 
Dan Hamhuis              0  0  0   1  2   1  3  5  0/0   17 
Devin Setoguchi          0  2  2   2  0   1  2  0  0/1   24 
Dustin Brown             0  0  0   1  0   1  3  0  0/0   20 
Erik Johnson             0  0  0   0  0   0  0  0  0/0   0  
Jack Johnson             0  0  0   0  0   0  0  0  0/0   0  
John-Michael Liles       1  3  4   3  0   2  1  1  0/0   19 
Mikael Samuelsson        0  0  0   1  0   4  0  1  1/3   21 
Niklas Kronwall          0  0  0   1  0   4  3  2  0/0   22 
Pierre-Marc Bouchard     2  0  2   2  0   6  0  0  1/2   17 
Robyn Regehr             0  0  0   0  0   1  0  0  0/0   6  
Ryan Kesler              1  0  1   1  0   5  1  1  18/33 23 
Shawn Horcoff            1  0  1   3  2   1  0  0  5/11  13 
Tomas Kopecky            0  0  0   3  0   0  0  0  0/0   10 
Toni Lydman              0  1  1   1  2   0  1  0  0/0   15 
Jets
Player Name              G  A  P  +/- PIM S  H  SB FO    MP 
------------------------------------------------------------
Aaron Rome               0  0  0  -1  2   2  2  1  0/0   14 
Alex Goligoski           0  2  2  -2  0   2  0  2  0/0   24 
Andy McDonald            1  0  1   1  0   5  0  0  16/29 19 
Blake Comeau             0  0  0  -3  0   2  0  0  0/0   9  
Cam Fowler               0  1  1  -2  2   1  2  1  0/0   19 
Clarke MacArthur         0  0  0   1  0   1  2  1  0/1   10 
Dainius Zubrus           0  0  0  -3  0   0  0  0  1/2   6  
Daniel Sedin             0  1  1  -2  2   4  0  0  3/4   22 
Erik Cole                0  0  0   1  0   3  0  0  0/1   20 
Evan Brophey             0  0  0   0  0   0  0  0  0/0   0  
Henrik Sedin             1  0  1  -2  0   6  1  0  10/25 23 
Jaroslav Spacek          0  0  0  -1  0   0  1  0  0/0   19 
Mark Giordano            0  0  0  -2  0   1  1  1  0/0   23 
Martin Erat              0  0  0  -2  0   1  2  0  0/2   17 
Martin Hanzal            0  0  0  -4  4   0  0  0  10/22 17 
Nathan Gerbe             0  0  0  -1  0   3  0  0  0/0   13 
Tyler Ennis              0  0  0  -1  0   1  0  0  0/1   13 
Victor Hedman            0  0  0  -2  2   0  1  1  0/0   21 

3 Stars

1 - John-Michael Liles (CGY)
2 - Andrew MacDonald (CGY)
3 - Pierre-Marc Bouchard (CGY)

Power Play

Flames - 0 on 6 Attempt(s) - 0.00%
Jets - 1 on 4 Attempt(s) - 25.00%

Penalty Kill

Flames - 3 on 4 Attempt(s) - 75.00% - Score 0 goal in Penalty Kill
Jets - 6 on 6 Attempt(s) - 100.00% - Score 0 goal in Penalty Kill

Game Notes

No Game Note

Finance

Level 1 -- Attendance: 6000 (100.00%) -- Ticket Income $540,000.00
Level 2 -- Attendance: 5000 (100.00%) -- Ticket Income $235,000.00
Level 3 -- Attendance: 2200 (100.00%) -- Ticket Income $72,600.00
Level 4 -- Attendance: 1015 (100.00%) -- Ticket Income $23,345.00
Luxury Box -- Attendance: 800 (100.00%) -- Ticket Income $136,000.00
Game was played at the MTS Center
Total Attendance: 15015 (100.00%)
Total Ticket Income: $1,038,502.00
Other Income: $311,550.73
Total Income: $1,350,053.00


Play by Play

Period #1

0:01 of 1st period - Henrik Sedin wins face-off versus Ryan Kesler in neutral zone.
0:17 of 1st period - Icing by Mark Giordano.
0:18 of 1st period - Anze Kopitar wins face-off versus Henrik Sedin in Jets zone.
0:23 of 1st period - Shot by Anze Kopitar.
0:23 of 1st period - Goal by Anze Kopitar - Flames : 1 - Jets : 0.
0:24 of 1st period - Andy McDonald wins face-off versus Shawn Horcoff in neutral zone.
1:25 of 1st period - Mark Giordano is hit by Ryan Kesler.
2:45 of 1st period - Icing by Dan Hamhuis.
2:46 of 1st period - Dainius Zubrus wins face-off versus Anze Kopitar in Flames zone.
3:30 of 1st period - Shot by Pierre-Marc Bouchard.
3:30 of 1st period - Goal by Pierre-Marc Bouchard - Flames : 2 - Jets : 0.
3:31 of 1st period - Henrik Sedin wins face-off versus Ryan Kesler in neutral zone.
3:45 of 1st period - Martin Erat is hit by Niklas Kronwall and loses puck.
4:34 of 1st period - Shot by Nathan Gerbe.
4:34 of 1st period - Stopped by Tim Thomas with a rebound.
4:42 of 1st period - Shot by Blake Comeau.
4:42 of 1st period - Stopped by Tim Thomas without a rebound.
4:43 of 1st period - Andy McDonald wins face-off versus Anze Kopitar in Flames zone.
4:57 of 1st period - Cam Fowler is hit by Devin Setoguchi and loses puck.
5:44 of 1st period - Nathan Gerbe is hit by Dan Hamhuis and loses puck.
6:17 of 1st period - Shot by Henrik Sedin.
6:17 of 1st period - Stopped by Tim Thomas without a rebound.
6:18 of 1st period - Ryan Kesler wins face-off versus Martin Erat in Flames zone.
6:29 of 1st period - Martin Erat is hit by Niklas Kronwall and loses puck.
6:34 of 1st period - Shot by Daniel Sedin.
6:34 of 1st period - Shot Misses the Net.
6:36 of 1st period - Shot by Henrik Sedin.
6:36 of 1st period - Shot Blocked by Niklas Kronwall.
6:38 of 1st period - Shot by Henrik Sedin.
6:38 of 1st period - Stopped by Tim Thomas without a rebound.
6:39 of 1st period - Andy McDonald wins face-off versus Shawn Horcoff in Flames zone.
6:39 of 1st period - Erik Cole is hit by John-Michael Liles and loses puck.
6:42 of 1st period - Shot by Erik Cole.
6:42 of 1st period - Deflect By Andy McDonald.
6:42 of 1st period - Stopped by Tim Thomas without a rebound.
6:43 of 1st period - Shawn Horcoff wins face-off versus Andy McDonald in Flames zone.
8:47 of 1st period - Shot by Jaroslav Spacek.
8:47 of 1st period - Shot Misses the Net.
8:51 of 1st period - Shot by Nathan Gerbe.
8:51 of 1st period - Shot Blocked by Ryan Kesler.
9:03 of 1st period - Shot by Nathan Gerbe.
9:03 of 1st period - Stopped by Tim Thomas without a rebound.
9:04 of 1st period - Anze Kopitar wins face-off versus Martin Hanzal in Flames zone.
9:48 of 1st period - Minor Penalty to Shawn Horcoff for Tripping.
9:49 of 1st period - Anze Kopitar wins face-off versus Henrik Sedin in Flames zone.
11:07 of 1st period - Martin Erat is hit by Dan Hamhuis and loses puck.
11:54 of 1st period - Shot by Tyler Ennis.
11:54 of 1st period - Shot Misses the Net.
11:56 of 1st period - Shot by Tyler Ennis.
11:56 of 1st period - Shot Misses the Net.
11:58 of 1st period - Shot by Aaron Rome.
11:58 of 1st period - Shot Blocked by John-Michael Liles.
12:02 of 1st period - Shot by Tyler Ennis.
12:02 of 1st period - Stopped by Tim Thomas with a rebound.
12:04 of 1st period - Shot by Aaron Rome.
12:04 of 1st period - Stopped by Tim Thomas without a rebound.
12:05 of 1st period - Ryan Kesler wins face-off versus Martin Hanzal in Flames zone.
12:12 of 1st period - Shot by Ryan Kesler.
12:12 of 1st period - Shot Misses the Net.
12:33 of 1st period - Icing by Niklas Kronwall.
12:34 of 1st period - Ryan Kesler wins face-off versus Martin Hanzal in Flames zone.
12:44 of 1st period - Icing by Aaron Rome.
12:45 of 1st period - Anze Kopitar wins face-off versus Martin Hanzal in Jets zone.
13:02 of 1st period - Icing by Dustin Brown.
13:03 of 1st period - Anze Kopitar wins face-off versus Andy McDonald in Flames zone.
14:12 of 1st period - Shot by Daniel Sedin.
14:12 of 1st period - Stopped by Tim Thomas without a rebound.
14:13 of 1st period - Martin Hanzal wins face-off versus Ryan Kesler in Flames zone.
14:46 of 1st period - Shot by Niklas Kronwall.
14:46 of 1st period - Stopped by Ilya Bryzgalov without a rebound.
14:47 of 1st period - Daniel Sedin wins face-off versus Shawn Horcoff in Jets zone.
15:26 of 1st period - Andrew MacDonald is hit by Henrik Sedin and loses puck.
15:44 of 1st period - Off-side.
15:45 of 1st period - Ryan Kesler wins face-off versus Erik Cole in neutral zone.
15:54 of 1st period - Shot by Ryan Kesler.
15:54 of 1st period - Stopped by Ilya Bryzgalov with a rebound.
15:58 of 1st period - Shot by Brenden Morrow.
15:58 of 1st period - Deflect By Ryan Kesler.
15:58 of 1st period - Stopped by Ilya Bryzgalov without a rebound.
15:59 of 1st period - Ryan Kesler wins face-off versus Tyler Ennis in Jets zone.
16:00 of 1st period - Shot by Brenden Morrow.
16:00 of 1st period - Stopped by Ilya Bryzgalov without a rebound.
16:01 of 1st period - Martin Hanzal wins face-off versus Ryan Kesler in Jets zone.
16:01 of 1st period - Martin Hanzal is hit by Brenden Morrow.
16:06 of 1st period - Tyler Ennis is hit by Brenden Morrow and loses puck.
16:36 of 1st period - Tyler Ennis is hit by Niklas Kronwall and loses puck.
17:53 of 1st period - Shot by Pierre-Marc Bouchard.
17:53 of 1st period - Stopped by Ilya Bryzgalov without a rebound.
17:54 of 1st period - Henrik Sedin wins face-off versus Ryan Kesler in Jets zone.
18:03 of 1st period - Shot by Daniel Sedin.
18:03 of 1st period - Shot Misses the Net.
18:05 of 1st period - Shot by Martin Erat.
18:05 of 1st period - Shot Misses the Net.
18:21 of 1st period - Shot by Daniel Sedin.
18:21 of 1st period - Shot Misses the Net.
18:31 of 1st period - Shot by Henrik Sedin.
18:31 of 1st period - Shot Misses the Net.
18:33 of 1st period - Shot by Henrik Sedin.
18:33 of 1st period - Stopped by Tim Thomas without a rebound.
18:34 of 1st period - Shawn Horcoff wins face-off versus Martin Hanzal in Flames zone.
18:34 of 1st period - Minor Penalty to Martin Hanzal for Tripping.
18:35 of 1st period - Anze Kopitar wins face-off versus Andy McDonald in Jets zone.

Period #2

0:01 of 2nd period - Anze Kopitar wins face-off versus Henrik Sedin in neutral zone.
0:36 of 2nd period - Shot by Dustin Brown.
0:36 of 2nd period - Shot Misses the Net.
0:38 of 2nd period - Shot by Shawn Horcoff.
0:38 of 2nd period - Shot Blocked by Cam Fowler.
0:40 of 2nd period - Shot by Andrew MacDonald.
0:40 of 2nd period - Shot Misses the Net.
1:10 of 2nd period - Shot by Devin Setoguchi.
1:10 of 2nd period - Deflect By Pierre-Marc Bouchard.
1:10 of 2nd period - Stopped by Ilya Bryzgalov without a rebound.
1:11 of 2nd period - Ryan Kesler wins face-off versus Martin Erat in Jets zone.
2:25 of 2nd period - Shot by Pierre-Marc Bouchard.
2:25 of 2nd period - Deflect By Anze Kopitar.
2:25 of 2nd period - Shot Misses the Net.
2:27 of 2nd period - Shot by Dan Hamhuis.
2:27 of 2nd period - Stopped by Ilya Bryzgalov without a rebound.
2:28 of 2nd period - Andy McDonald wins face-off versus Shawn Horcoff in Jets zone.
2:55 of 2nd period - Erik Cole is hit by Devin Setoguchi.
2:56 of 2nd period - Icing by Erik Cole.
2:57 of 2nd period - Ryan Kesler wins face-off versus Andy McDonald in Jets zone.
3:10 of 2nd period - Shot by Ryan Kesler.
3:10 of 2nd period - Stopped by Ilya Bryzgalov without a rebound.
3:10 of 2nd period - Minor Penalty to Cam Fowler for Hooking.
3:11 of 2nd period - Andy McDonald wins face-off versus Anze Kopitar in Jets zone.
3:38 of 2nd period - Shot by Mikael Samuelsson.
3:38 of 2nd period - Stopped by Ilya Bryzgalov without a rebound.
3:39 of 2nd period - Ryan Kesler wins face-off versus Henrik Sedin in Jets zone.
4:16 of 2nd period - Shot by Brenden Morrow.
4:16 of 2nd period - Shot Misses the Net.
4:34 of 2nd period - Shot by Dan Boyle.
4:34 of 2nd period - Stopped by Ilya Bryzgalov without a rebound.
4:35 of 2nd period - Anze Kopitar wins face-off versus Andy McDonald in Jets zone.
5:00 of 2nd period - Shot by Anze Kopitar.
5:00 of 2nd period - Stopped by Ilya Bryzgalov without a rebound.
5:01 of 2nd period - Ryan Kesler wins face-off versus Dainius Zubrus in Jets zone.
5:04 of 2nd period - Shot by Pierre-Marc Bouchard.
5:04 of 2nd period - Shot Misses the Net.
6:31 of 2nd period - Shot by Daniel Sedin.
6:31 of 2nd period - Shot Blocked by Niklas Kronwall.
6:58 of 2nd period - Off-side.
6:59 of 2nd period - Anze Kopitar wins face-off versus Andy McDonald in neutral zone.
6:59 of 2nd period - Anze Kopitar is hit by Clarke MacArthur.
7:10 of 2nd period - Icing by Andy McDonald.
7:11 of 2nd period - Anze Kopitar wins face-off versus Andy McDonald in Jets zone.
7:19 of 2nd period - Clarke MacArthur is hit by Dustin Brown and loses puck.
7:32 of 2nd period - Dustin Brown is hit by Cam Fowler and loses puck.
8:32 of 2nd period - Icing by John-Michael Liles.
8:33 of 2nd period - Martin Hanzal wins face-off versus Devin Setoguchi in Flames zone.
8:33 of 2nd period - Jaroslav Spacek is hit by Andrew MacDonald and loses puck.
9:16 of 2nd period - Icing by Dan Boyle.
9:17 of 2nd period - Ryan Kesler wins face-off versus Clarke MacArthur in Flames zone.
9:28 of 2nd period - Icing by Niklas Kronwall.
9:29 of 2nd period - Mikael Samuelsson wins face-off versus Andy McDonald in Flames zone.
9:29 of 2nd period - Mikael Samuelsson is hit by Clarke MacArthur.
9:37 of 2nd period - Andy McDonald is hit by Brenden Morrow and loses puck.
9:50 of 2nd period - Icing by Cam Fowler.
9:51 of 2nd period - Shawn Horcoff wins face-off versus Andy McDonald in Jets zone.
9:51 of 2nd period - John-Michael Liles is hit by Cam Fowler and loses puck.
10:06 of 2nd period - Shot by Andy McDonald.
10:06 of 2nd period - Shot Misses the Net.
10:08 of 2nd period - Shot by Andy McDonald.
10:08 of 2nd period - Goal by Andy McDonald - Flames : 2 - Jets : 1.
10:09 of 2nd period - Anze Kopitar wins face-off versus Daniel Sedin in neutral zone.
10:41 of 2nd period - Minor Penalty to Victor Hedman for High sticking.
10:42 of 2nd period - Andy McDonald wins face-off versus Ryan Kesler in Jets zone.
10:51 of 2nd period - Shot by Ryan Kesler.
10:51 of 2nd period - Stopped by Ilya Bryzgalov without a rebound.
10:52 of 2nd period - Henrik Sedin wins face-off versus Ryan Kesler in Jets zone.
11:01 of 2nd period - Shot by Ryan Kesler.
11:01 of 2nd period - Deflect By Devin Setoguchi.
11:01 of 2nd period - Stopped by Ilya Bryzgalov without a rebound.
11:02 of 2nd period - Anze Kopitar wins face-off versus Andy McDonald in Jets zone.
11:15 of 2nd period - Shot by Anze Kopitar.
11:15 of 2nd period - Stopped by Ilya Bryzgalov with a rebound.
11:19 of 2nd period - Shot by Mikael Samuelsson.
11:19 of 2nd period - Stopped by Ilya Bryzgalov without a rebound.
11:20 of 2nd period - Henrik Sedin wins face-off versus Ryan Kesler in Jets zone.
11:47 of 2nd period - Shot by Andrew MacDonald.
11:47 of 2nd period - Stopped by Ilya Bryzgalov without a rebound.
11:48 of 2nd period - Henrik Sedin wins face-off versus Anze Kopitar in Jets zone.
12:19 of 2nd period - Shot by Dan Boyle.
12:19 of 2nd period - Stopped by Ilya Bryzgalov without a rebound.
12:20 of 2nd period - Andy McDonald wins face-off versus Brenden Morrow in Jets zone.
12:44 of 2nd period - Shot by Daniel Sedin.
12:44 of 2nd period - Shot Blocked by Dan Hamhuis.
12:54 of 2nd period - Shot by Anze Kopitar.
12:54 of 2nd period - Stopped by Ilya Bryzgalov without a rebound.
12:55 of 2nd period - Pierre-Marc Bouchard wins face-off versus Martin Hanzal in Jets zone.
13:14 of 2nd period - Shot by Shawn Horcoff.
13:14 of 2nd period - Goal by Shawn Horcoff - Flames : 3 - Jets : 1.
13:15 of 2nd period - Ryan Kesler wins face-off versus Henrik Sedin in neutral zone.
13:18 of 2nd period - Shot by Ryan Kesler.
13:18 of 2nd period - Goal by Ryan Kesler - Flames : 4 - Jets : 1.
13:19 of 2nd period - Daniel Sedin wins face-off versus Ryan Kesler in neutral zone.
13:39 of 2nd period - Brenden Morrow is hit by Victor Hedman and loses puck.
13:46 of 2nd period - Shot by Ryan Kesler.
13:46 of 2nd period - Shot Misses the Net.
13:48 of 2nd period - Shot by Niklas Kronwall.
13:48 of 2nd period - Stopped by Ilya Bryzgalov without a rebound.
13:49 of 2nd period - Anze Kopitar wins face-off versus Martin Hanzal in Jets zone.
13:50 of 2nd period - Shot by Toni Lydman.
13:50 of 2nd period - Shot Misses the Net.
13:52 of 2nd period - Shot by Devin Setoguchi.
13:52 of 2nd period - Deflect By Anze Kopitar.
13:52 of 2nd period - Stopped by Ilya Bryzgalov without a rebound.
13:53 of 2nd period - Anze Kopitar wins face-off versus Martin Hanzal in Jets zone.
13:54 of 2nd period - Shot by Dustin Brown.
13:54 of 2nd period - Stopped by Ilya Bryzgalov without a rebound.
13:55 of 2nd period - Anze Kopitar wins face-off versus Martin Hanzal in Jets zone.
13:55 of 2nd period - Dustin Brown is hit by Aaron Rome and loses puck.
14:33 of 2nd period - Minor Penalty to Martin Hanzal for High sticking.
14:34 of 2nd period - Ryan Kesler wins face-off versus Henrik Sedin in Jets zone.
15:39 of 2nd period - Shot by Dan Boyle.
15:39 of 2nd period - Stopped by Ilya Bryzgalov without a rebound.
15:40 of 2nd period - Henrik Sedin wins face-off versus Anze Kopitar in Jets zone.
15:55 of 2nd period - Shot by Dan Boyle.
15:55 of 2nd period - Stopped by Ilya Bryzgalov with a rebound.
15:57 of 2nd period - Shot by Dan Boyle.
15:57 of 2nd period - Stopped by Ilya Bryzgalov with a rebound.
15:59 of 2nd period - Shot by Dan Boyle.
15:59 of 2nd period - Shot Blocked by Alex Goligoski.
16:01 of 2nd period - Shot by Dan Boyle.
16:01 of 2nd period - Stopped by Ilya Bryzgalov without a rebound.
16:02 of 2nd period - Ryan Kesler wins face-off versus Andy McDonald in Jets zone.
16:11 of 2nd period - Shot by Brenden Morrow.
16:11 of 2nd period - Shot Blocked by Mark Giordano.
16:25 of 2nd period - Shot by Andrew MacDonald.
16:25 of 2nd period - Stopped by Ilya Bryzgalov without a rebound.
16:26 of 2nd period - Andy McDonald wins face-off versus Anze Kopitar in Jets zone.
17:04 of 2nd period - Shot by Blake Comeau.
17:04 of 2nd period - Shot Misses the Net.
17:05 of 2nd period - Minor Penalty to Dan Hamhuis for Interference.
17:06 of 2nd period - Andy McDonald wins face-off versus Mikael Samuelsson in Flames zone.
17:23 of 2nd period - Shot by Andy McDonald.
17:23 of 2nd period - Shot Misses the Net.
17:25 of 2nd period - Shot by Andy McDonald.
17:25 of 2nd period - Stopped by Tim Thomas without a rebound.
17:26 of 2nd period - Ryan Kesler wins face-off versus Henrik Sedin in Flames zone.
17:39 of 2nd period - Shot by Erik Cole.
17:39 of 2nd period - Stopped by Tim Thomas without a rebound.
17:40 of 2nd period - Andy McDonald wins face-off versus Ryan Kesler in Flames zone.
17:48 of 2nd period - Shot by Andy McDonald.
17:48 of 2nd period - Stopped by Tim Thomas with a rebound.
17:50 of 2nd period - Shot by Mark Giordano.
17:50 of 2nd period - Stopped by Tim Thomas without a rebound.
17:51 of 2nd period - Anze Kopitar wins face-off versus Henrik Sedin in Flames zone.
18:08 of 2nd period - Shot by Alex Goligoski.
18:08 of 2nd period - Shot Misses the Net.
18:10 of 2nd period - Shot by Alex Goligoski.
18:10 of 2nd period - Stopped by Tim Thomas with a rebound.
18:12 of 2nd period - Shot by Henrik Sedin.
18:12 of 2nd period - Goal by Henrik Sedin - Flames : 4 - Jets : 2.
18:13 of 2nd period - Martin Hanzal wins face-off versus Ryan Kesler in neutral zone.
18:48 of 2nd period - Shot by Aaron Rome.
18:48 of 2nd period - Stopped by Tim Thomas without a rebound.
18:49 of 2nd period - Shawn Horcoff wins face-off versus Henrik Sedin in Flames zone.
18:49 of 2nd period - Shawn Horcoff is hit by Martin Erat.
19:15 of 2nd period - Shot by Daniel Sedin.
19:15 of 2nd period - Stopped by Tim Thomas with a rebound.
19:17 of 2nd period - Shot by Victor Hedman.
19:17 of 2nd period - Shot Misses the Net.
19:19 of 2nd period - Shot by Henrik Sedin.
19:19 of 2nd period - Shot Misses the Net.
19:23 of 2nd period - Shot by Henrik Sedin.
19:23 of 2nd period - Shot Blocked by Andrew MacDonald.
19:27 of 2nd period - Shot by Henrik Sedin.
19:27 of 2nd period - Shot Misses the Net.
19:29 of 2nd period - Shot by Martin Erat.
19:29 of 2nd period - Stopped by Tim Thomas with a rebound.
19:54 of 2nd period - Shot by Clarke MacArthur.
19:54 of 2nd period - Stopped by Tim Thomas with a rebound.

Period #3

0:01 of 3rd period - Ryan Kesler wins face-off versus Henrik Sedin in neutral zone.
0:10 of 3rd period - Shot by Mikael Samuelsson.
0:10 of 3rd period - Stopped by Ilya Bryzgalov without a rebound.
0:11 of 3rd period - Andy McDonald wins face-off versus Anze Kopitar in Jets zone.
0:19 of 3rd period - Andy McDonald is hit by Dan Hamhuis and loses puck.
0:27 of 3rd period - Erik Cole is hit by Toni Lydman and loses puck.
0:29 of 3rd period - Minor Penalty to Toni Lydman for Holding.
0:30 of 3rd period - Anze Kopitar wins face-off versus Henrik Sedin in Flames zone.
0:45 of 3rd period - Shot by Henrik Sedin.
0:45 of 3rd period - Deflect By Erik Cole.
0:45 of 3rd period - Shot Misses the Net.
0:47 of 3rd period - Shot by Henrik Sedin.
0:47 of 3rd period - Shot Blocked by Dan Hamhuis.
0:49 of 3rd period - Shot by Daniel Sedin.
0:49 of 3rd period - Shot Blocked by Dan Hamhuis.
0:53 of 3rd period - Shot by Erik Cole.
0:53 of 3rd period - Stopped by Tim Thomas without a rebound.
0:54 of 3rd period - Andy McDonald wins face-off versus Anze Kopitar in Flames zone.
0:57 of 3rd period - Shot by Blake Comeau.
0:57 of 3rd period - Shot Misses the Net.
0:59 of 3rd period - Shot by Cam Fowler.
0:59 of 3rd period - Stopped by Tim Thomas with a rebound.
1:01 of 3rd period - Shot by Cam Fowler.
1:01 of 3rd period - Shot Blocked by Dan Boyle.
1:03 of 3rd period - Shot by Blake Comeau.
1:03 of 3rd period - Stopped by Tim Thomas with a rebound.
1:05 of 3rd period - Shot by Blake Comeau.
1:05 of 3rd period - Deflect By Andy McDonald.
1:05 of 3rd period - Shot Misses the Net.
1:07 of 3rd period - Shot by Cam Fowler.
1:07 of 3rd period - Shot Blocked by Dan Boyle.
2:05 of 3rd period - Victor Hedman is hit by Brenden Morrow and loses puck.
2:30 of 3rd period - Shot by Nathan Gerbe.
2:30 of 3rd period - Stopped by Tim Thomas with a rebound.
3:25 of 3rd period - Minor Penalty to Daniel Sedin for Holding.
3:26 of 3rd period - Anze Kopitar wins face-off versus Henrik Sedin in Jets zone.
3:43 of 3rd period - Shot by Niklas Kronwall.
3:43 of 3rd period - Shot Blocked by Victor Hedman.
3:45 of 3rd period - Shot by Niklas Kronwall.
3:45 of 3rd period - Stopped by Ilya Bryzgalov without a rebound.
3:46 of 3rd period - Anze Kopitar wins face-off versus Andy McDonald in Jets zone.
5:29 of 3rd period - Shot by Dustin Brown.
5:29 of 3rd period - Deflect By Anze Kopitar.
5:29 of 3rd period - Stopped by Ilya Bryzgalov without a rebound.
5:30 of 3rd period - Martin Hanzal wins face-off versus Anze Kopitar in Jets zone.
5:30 of 3rd period - Alex Goligoski is hit by Dustin Brown and loses puck.
5:36 of 3rd period - Icing by Cam Fowler.
5:37 of 3rd period - Martin Hanzal wins face-off versus Anze Kopitar in Jets zone.
6:13 of 3rd period - Off-side.
6:14 of 3rd period - Henrik Sedin wins face-off versus Ryan Kesler in neutral zone.
6:17 of 3rd period - Shot by Daniel Sedin.
6:17 of 3rd period - Shot Blocked by Mikael Samuelsson.
6:31 of 3rd period - Shot by Daniel Sedin.
6:31 of 3rd period - Stopped by Tim Thomas without a rebound.
6:32 of 3rd period - Ryan Kesler wins face-off versus Martin Hanzal in Flames zone.
6:54 of 3rd period - Ryan Kesler is hit by Aaron Rome and loses puck.
7:18 of 3rd period - Brenden Morrow is hit by Martin Erat and loses puck.
7:22 of 3rd period - Niklas Kronwall is hit by Mark Giordano and loses puck.
7:41 of 3rd period - Shot by Henrik Sedin.
7:41 of 3rd period - Stopped by Tim Thomas without a rebound.
7:42 of 3rd period - Andy McDonald wins face-off versus Anze Kopitar in Flames zone.
7:43 of 3rd period - Shot by Clarke MacArthur.
7:43 of 3rd period - Shot Misses the Net.
7:51 of 3rd period - Shot by Anze Kopitar.
7:51 of 3rd period - Shot Blocked by Clarke MacArthur.
8:28 of 3rd period - Icing by Dan Hamhuis.
8:29 of 3rd period - Henrik Sedin wins face-off versus Anze Kopitar in Flames zone.
8:32 of 3rd period - Shot by Daniel Sedin.
8:32 of 3rd period - Deflect By Henrik Sedin.
8:32 of 3rd period - Stopped by Tim Thomas with a rebound.
8:34 of 3rd period - Shot by Mark Giordano.
8:34 of 3rd period - Shot Misses the Net.
8:36 of 3rd period - Shot by Henrik Sedin.
8:36 of 3rd period - Shot Blocked by Dan Hamhuis.
9:17 of 3rd period - Icing by John-Michael Liles.
9:18 of 3rd period - Shawn Horcoff wins face-off versus Martin Hanzal in Flames zone.
9:42 of 3rd period - Shot by John-Michael Liles.
9:42 of 3rd period - Shot Misses the Net.
9:46 of 3rd period - Shot by Devin Setoguchi.
9:46 of 3rd period - Shot Blocked by Aaron Rome.
9:50 of 3rd period - Shot by John-Michael Liles.
9:50 of 3rd period - Goal by John-Michael Liles - Flames : 5 - Jets : 2.
9:51 of 3rd period - Andy McDonald wins face-off versus Ryan Kesler in neutral zone.
10:11 of 3rd period - Andy McDonald is hit by Dan Boyle and loses puck.
10:18 of 3rd period - Shot by Erik Cole.
10:18 of 3rd period - Stopped by Tim Thomas without a rebound.
10:19 of 3rd period - Ryan Kesler wins face-off versus Henrik Sedin in Flames zone.
10:37 of 3rd period - Minor Penalty to Brenden Morrow for Hooking.
10:38 of 3rd period - Anze Kopitar wins face-off versus Andy McDonald in Flames zone.
11:26 of 3rd period - Henrik Sedin is hit by Anze Kopitar and loses puck.
11:34 of 3rd period - Off-side.
11:35 of 3rd period - Daniel Sedin wins face-off versus Mikael Samuelsson in neutral zone.
11:50 of 3rd period - Shot by Erik Cole.
11:50 of 3rd period - Deflect By Daniel Sedin.
11:50 of 3rd period - Shot Misses the Net.
11:52 of 3rd period - Shot by Alex Goligoski.
11:52 of 3rd period - Stopped by Tim Thomas with a rebound.
11:56 of 3rd period - Shot by Daniel Sedin.
11:56 of 3rd period - Stopped by Tim Thomas without a rebound.
11:57 of 3rd period - Andy McDonald wins face-off versus Ryan Kesler in Flames zone.
12:43 of 3rd period - Shawn Horcoff is hit by Jaroslav Spacek.
12:53 of 3rd period - Shot by Pierre-Marc Bouchard.
12:53 of 3rd period - Stopped by Ilya Bryzgalov with a rebound.
12:55 of 3rd period - Shot by John-Michael Liles.
12:55 of 3rd period - Shot Misses the Net.
12:57 of 3rd period - Shot by John-Michael Liles.
12:57 of 3rd period - Stopped by Ilya Bryzgalov with a rebound.
12:59 of 3rd period - Shot by Pierre-Marc Bouchard.
12:59 of 3rd period - Shot Misses the Net.
13:02 of 3rd period - Minor Penalty to Aaron Rome for Hooking.
13:03 of 3rd period - Henrik Sedin wins face-off versus Ryan Kesler in Jets zone.
14:39 of 3rd period - Shot by Mikael Samuelsson.
14:39 of 3rd period - Stopped by Ilya Bryzgalov without a rebound.
14:40 of 3rd period - Andy McDonald wins face-off versus Pierre-Marc Bouchard in Jets zone.
14:40 of 3rd period - Andy McDonald is hit by Anze Kopitar.
15:21 of 3rd period - Icing by Jaroslav Spacek.
15:22 of 3rd period - Martin Hanzal wins face-off versus Shawn Horcoff in Jets zone.
15:38 of 3rd period - Shot by Pierre-Marc Bouchard.
15:38 of 3rd period - Stopped by Ilya Bryzgalov without a rebound.
15:39 of 3rd period - Ryan Kesler wins face-off versus Henrik Sedin in Jets zone.
16:05 of 3rd period - Martin Erat is hit by Brenden Morrow and loses puck.
16:42 of 3rd period - Shot by Erik Cole.
16:42 of 3rd period - Shot Misses the Net.
16:46 of 3rd period - Shot by Andy McDonald.
16:46 of 3rd period - Stopped by Tim Thomas without a rebound.
16:47 of 3rd period - Martin Hanzal wins face-off versus Anze Kopitar in Flames zone.
17:10 of 3rd period - Off-side.
17:11 of 3rd period - Martin Hanzal wins face-off versus Shawn Horcoff in neutral zone.
17:36 of 3rd period - Shot by Pierre-Marc Bouchard.
17:36 of 3rd period - Goal by Pierre-Marc Bouchard - Flames : 6 - Jets : 2.
17:37 of 3rd period - Anze Kopitar wins face-off versus Henrik Sedin in neutral zone.
17:47 of 3rd period - Shot by Daniel Sedin.
17:47 of 3rd period - Shot Blocked by Dan Hamhuis.
18:11 of 3rd period - Shot by Shawn Horcoff.
18:11 of 3rd period - Shot Misses the Net.
18:13 of 3rd period - Shot by Robyn Regehr.
18:13 of 3rd period - Stopped by Ilya Bryzgalov with a rebound.
18:53 of 3rd period - Shot by Pierre-Marc Bouchard.
18:53 of 3rd period - Shot Blocked by Alex Goligoski.
19:21 of 3rd period - Shot by Niklas Kronwall.
19:21 of 3rd period - Stopped by Ilya Bryzgalov without a rebound.
19:22 of 3rd period - Anze Kopitar wins face-off versus Martin Hanzal in Jets zone.
19:31 of 3rd period - Icing by Jaroslav Spacek.
19:32 of 3rd period - Martin Hanzal wins face-off versus Anze Kopitar in Jets zone.
19:32 of 3rd period - Tyler Ennis is hit by Dustin Brown and loses puck.
19:43 of 3rd period - Shot by Anze Kopitar.
19:43 of 3rd period - Shot Misses the Net.
19:45 of 3rd period - Shot by Robyn Regehr.
19:45 of 3rd period - Shot Misses the Net.


Output by the SimonT Hockey Simulator (STHS) for Stephane Roy -- Original Page W3C XHTML 1.0 Valid